| TOP OF THE 1ST |
|
Aberdeen Ironbirds batting - Pitching for Everett AquaSox : LHP Adam Schmidt
|
|
Pitching: LHP Adam Schmidt
|
|
|
Batting: LHB Chris Cohen
|
0-0: Ground out 4-3 (Groundball, 4, EV 87.5 MPH)
|
|
Batting: RHB Juan Eyrich
|
0-0: Ball 1-0: Foul Ball, location: 2F 1-1: Ball 2-1: Foul Ball, location: 2F 2-2: Ball 3-2: Strikes out swinging
|
|
Batting: RHB C.J. Wells
|
0-0: Called Strike 0-1: Swinging Strike 0-2: Ball 1-2: Ball 2-2: Fly out, F7 (Flyball, 7D, EV 100.0 MPH)
|
| Top of the 1st over - 0 runs, 0 hits, 0 errors, 0 left on base; Aberdeen 0 - Everett 0 |
| BOTTOM OF THE 1ST |
|
Everett AquaSox batting - Pitching for Aberdeen Ironbirds : LHP Lawson Noseworthy
|
|
Pitching: LHP Lawson Noseworthy
|
|
|
Batting: SHB Raghnall Ahearne
|
0-0: Foul Ball, location: 2F 0-1: Foul Ball, location: 2F 0-2: Foul Ball, location: 2F 0-2: Strikes out swinging
|
|
Batting: RHB John Vasquez
|
0-0: SINGLE (Groundball, 56, EV 106.9 MPH) (infield hit)
|
|
Batting: RHB Ivan Davila
|
0-0: Called Strike John Vasquez is caught stealing 2nd base 2-4 0-1: Foul Ball, location: 2F 0-2: Strikes out swinging
|
| Bottom of the 1st over - 0 runs, 1 hit, 0 errors, 0 left on base; Aberdeen 0 - Everett 0 |
| TOP OF THE 2ND |
|
Aberdeen Ironbirds batting - Pitching for Everett AquaSox : LHP Adam Schmidt
|
|
Batting: RHB Dou-wan Pan
|
0-0: Ground out 5-3 (Groundball, 56, EV 85.6 MPH)
|
|
Batting: LHB Robert Ortiz
|
0-0: Ground out 3-1 (Groundball, 34, EV 85.6 MPH)
|
|
Batting: LHB Ivan Alvarez
|
0-0: Fly out, F7 (Flyball, 78S, EV 90.6 MPH)
|
| Top of the 2nd over - 0 runs, 0 hits, 0 errors, 0 left on base; Aberdeen 0 - Everett 0 |
| BOTTOM OF THE 2ND |
|
Everett AquaSox batting - Pitching for Aberdeen Ironbirds : LHP Lawson Noseworthy
|
|
Batting: RHB Bryan Alfaro
|
0-0: Ball 1-0: Ball 2-0: Ball 3-0: Called Strike 3-1: Ground out 5-3 (Groundball, 56, EV 94.4 MPH)
|
|
Batting: RHB Ching-hsia Zhang
|
0-0: Called Strike 0-1: SINGLE (Groundball, 34, EV 105.0 MPH)
|
|
Batting: RHB Rich Justice
|
0-0: Ball 1-0: Called Strike 1-1: Ball 2-1: Ball 3-1: SINGLE (Groundball, 34D, EV 110.6 MPH) Ching-hsia Zhang to second Runner from 2nd tries for 3rd, SAFE, throw by RF made to third
|
|
Batting: RHB Danny Pujols
|
0-0: Ball 1-0: Ball Rich Justice steals 2nd base 2-0: Fly out, F5 (Line Drive, 5L, EV 68.1 MPH)
|
|
Batting: RHB Egidius Kruger
|
0-0: Called Strike 0-1: Foul Ball, location: 2F 0-2: Ball 1-2: Ball 2-2: Strikes out swinging
|
| Bottom of the 2nd over - 0 runs, 2 hits, 0 errors, 2 left on base; Aberdeen 0 - Everett 0 |
| TOP OF THE 3RD |
|
Aberdeen Ironbirds batting - Pitching for Everett AquaSox : LHP Adam Schmidt
|
|
Batting: LHB Taylor Plummer
|
0-0: Fly out, F3 (Line Drive, 3L, EV 76.9 MPH)
|
|
Batting: RHB Jeff Parlo
|
0-0: Ball 1-0: Foul Ball, location: 2F 1-1: Ball 2-1: SINGLE (Groundball, 6MD, EV 108.8 MPH)
|
|
Batting: RHB Willie Carmona
|
0-0: Ground out 6-3 (Groundball, 4MD, EV 103.8 MPH) Jeff Parlo to second
|
|
Batting: LHB Chris Cohen
|
0-0: Ground out 4-3 (Groundball, 34, EV 86.2 MPH)
|
| Top of the 3rd over - 0 runs, 1 hit, 0 errors, 1 left on base; Aberdeen 0 - Everett 0 |
| BOTTOM OF THE 3RD |
|
Everett AquaSox batting - Pitching for Aberdeen Ironbirds : LHP Lawson Noseworthy
|
|
Batting: RHB Sal Cervantes
|
0-0: Ball 1-0: Called Strike 1-1: Ball 2-1: Ball 3-1: Called Strike 3-2: Base on Balls
|
|
Batting: SHB Raghnall Ahearne
|
0-0: Ball 1-0: Ball 2-0: Ball 3-0: Called Strike 3-1: Foul Ball, location: 2F 3-2: Strikes out swinging Sal Cervantes steals 2nd base Batter strikes out.
|
|
Batting: RHB John Vasquez
|
0-0: Ball 1-0: Swinging Strike 1-1: Called Strike 1-2: Strikes out swinging
|
|
Batting: RHB Ivan Davila
|
0-0: Ball 1-0: Called Strike 1-1: Swinging Strike 1-2: Hit by Pitch
|
|
Batting: RHB Bryan Alfaro
|
0-0: Ball 1-0: Foul Ball, location: 2F 1-1: Ball 2-1: Foul Ball, location: 2F 2-2: Foul Ball, location: 2F 2-2: Ball 3-2: Ground out 4-3 (Groundball, 4, EV 85.0 MPH)
|
| Bottom of the 3rd over - 0 runs, 0 hits, 0 errors, 2 left on base; Aberdeen 0 - Everett 0 |
| TOP OF THE 4TH |
|
Aberdeen Ironbirds batting - Pitching for Everett AquaSox : LHP Adam Schmidt
|
|
Batting: RHB Juan Eyrich
|
0-0: Foul Ball, location: 2F 0-1: Ball 1-1: Ground out 4-3 (Groundball, 4, EV 81.9 MPH)
|
|
Batting: RHB C.J. Wells
|
0-0: Ball 1-0: Called Strike 1-1: Fly out, F8 (Flyball, 8LXD, EV 96.2 MPH)
|
|
Batting: RHB Dou-wan Pan
|
0-0: DOUBLE (Line Drive, 3D, EV 95.6 MPH)
|
|
Batting: LHB Robert Ortiz
|
0-0: Ground out 4-3 (Groundball, 4, EV 87.5 MPH)
|
| Top of the 4th over - 0 runs, 1 hit, 0 errors, 1 left on base; Aberdeen 0 - Everett 0 |
| BOTTOM OF THE 4TH |
|
Everett AquaSox batting - Pitching for Aberdeen Ironbirds : LHP Lawson Noseworthy
|
|
Batting: RHB Ching-hsia Zhang
|
0-0: Called Strike 0-1: Ball 1-1: Called Strike 1-2: Ball 2-2: Foul Ball, location: 2F 2-2: Ball 3-2: Foul Ball, location: 2F 3-2: Base on Balls
|
|
Batting: RHB Rich Justice
|
0-0: Swinging Strike 0-1: Foul Ball, location: 2F 0-2: SINGLE (Groundball, 34, EV 97.5 MPH) Ching-hsia Zhang to second Runner from 2nd tries for 3rd, OUT! 9-5 Rich Justice to second
|
|
Batting: RHB Danny Pujols
|
0-0: Called Strike 0-1: Ball 1-1: Called Strike 1-2: Strikes out swinging
|
|
Batting: RHB Egidius Kruger
|
0-0: Called Strike 0-1: Ground out 6-3 (Groundball, 6, EV 90.0 MPH)
|
| Bottom of the 4th over - 0 runs, 1 hit, 0 errors, 1 left on base; Aberdeen 0 - Everett 0 |
| TOP OF THE 5TH |
|
Aberdeen Ironbirds batting - Pitching for Everett AquaSox : LHP Adam Schmidt
|
|
Batting: LHB Ivan Alvarez
|
0-0: Ball 1-0: Swinging Strike 1-1: Called Strike 1-2: Strikes out swinging
|
|
Batting: LHB Taylor Plummer
|
0-0: Ground out 5-3 (Groundball, 5, EV 86.9 MPH)
|
|
Batting: RHB Jeff Parlo
|
0-0: Called Strike 0-1: Called Strike 0-2: Foul Ball, location: 2F 0-2: Foul Ball, location: 2F 0-2: Strikes out swinging
|
| Top of the 5th over - 0 runs, 0 hits, 0 errors, 0 left on base; Aberdeen 0 - Everett 0 |
| BOTTOM OF THE 5TH |
|
Everett AquaSox batting - Pitching for Aberdeen Ironbirds : LHP Lawson Noseworthy
|
|
Batting: RHB Sal Cervantes
|
0-0: DOUBLE (Line Drive, 78M, EV 113.8 MPH)
|
|
Batting: SHB Raghnall Ahearne
|
0-0: DOUBLE (Line Drive, 9LM, EV 98.8 MPH) Sal Cervantes scores
|
|
Batting: RHB John Vasquez
|
0-0: Ball Raghnall Ahearne steals 3rd base 1-0: Swinging Strike 1-1: Ball 2-1: SINGLE (Popup, 4D, EV 53.1 MPH) Raghnall Ahearne scores
|
|
Batting: RHB Ivan Davila
|
0-0: Ball 1-0: Ball Wild Pitch! John Vasquez to second 2-0: Called Strike 2-1: Ground out 6-3 (Groundball, 6, EV 85.0 MPH) John Vasquez to third
|
|
Batting: RHB Bryan Alfaro
|
0-0: Ball 1-0: Swinging Strike 1-1: Ball 2-1: Ground out 6-3 (Groundball, 56, EV 82.5 MPH) John Vasquez scores
|
|
Batting: RHB Ching-hsia Zhang
|
0-0: Ball 1-0: Foul Ball, location: 2F 1-1: Fly out, F9 (Flyball, 89M, EV 88.1 MPH)
|
| Bottom of the 5th over - 3 runs, 3 hits, 0 errors, 0 left on base; Aberdeen 0 - Everett 3 |
| TOP OF THE 6TH |
|
Aberdeen Ironbirds batting - Pitching for Everett AquaSox : LHP Adam Schmidt
|
|
Batting: RHB Willie Carmona
|
0-0: Called Strike 0-1: Called Strike 0-2: Ball 1-2: Ball 2-2: Foul Ball, location: 2F 2-2: Ball 3-2: Ground out 6-3 (Groundball, 6, EV 91.2 MPH)
|
|
Batting: LHB Chris Cohen
|
0-0: Ball 1-0: Called Strike 1-1: Ball 2-1: Ball 3-1: Base on Balls
|
|
Batting: RHB Juan Eyrich
|
0-0: Swinging Strike 0-1: Fly out, F4 (Popup, 34D, EV 56.9 MPH)
|
|
Batting: RHB C.J. Wells
|
0-0: SINGLE (Groundball, 56D, EV 102.5 MPH) Chris Cohen to second
|
|
Batting: RHB Dou-wan Pan
|
0-0: Called Strike 0-1: Swinging Strike 0-2: Foul Ball, location: 2F 0-2: Fly out, F7 (Flyball, 78M, EV 86.2 MPH)
|
| Top of the 6th over - 0 runs, 1 hit, 0 errors, 2 left on base; Aberdeen 0 - Everett 3 |
| BOTTOM OF THE 6TH |
|
Everett AquaSox batting - Pitching for Aberdeen Ironbirds : LHP Lawson Noseworthy
|
|
Batting: RHB Rich Justice
|
0-0: Ball 1-0: Foul Ball, location: 2F 1-1: Ball 2-1: Foul Ball, location: 2F 2-2: Ball 3-2: Foul Ball, location: 2F 3-2: Ground out 5-3 (Groundball, 56S, EV 62.5 MPH)
|
|
Batting: RHB Danny Pujols
|
0-0: Called Strike 0-1: Ball 1-1: Foul Ball, location: 2F 1-2: Foul Ball, location: 2F 1-2: Hit by Pitch
|
|
Batting: RHB Egidius Kruger
|
0-0: Ball 1-0: Called Strike 1-1: Fielders Choice at 2nd, 6-4 (Groundball, 6, EV 106.9 MPH)
|
|
Pitching: RHP Craig Painter
|
|
|
Batting: RHB Sal Cervantes
|
0-0: Ball 1-0: SINGLE (Groundball, 56, EV 100.6 MPH) (infield hit) Egidius Kruger to second
|
|
Batting: SHB Raghnall Ahearne
|
0-0: Foul Ball, location: 2F 0-1: Ball 1-1: Fielders Choice at 2nd, U6 (Groundball, 6M, EV 84.4 MPH)
|
| Bottom of the 6th over - 0 runs, 1 hit, 0 errors, 2 left on base; Aberdeen 0 - Everett 3 |
| TOP OF THE 7TH |
|
Aberdeen Ironbirds batting - Pitching for Everett AquaSox : LHP Adam Schmidt
|
|
Batting: LHB Robert Ortiz
|
0-0: Ball 1-0: DOUBLE (Line Drive, 9LM, EV 104.4 MPH)
|
|
Batting: LHB Ivan Alvarez
|
0-0: Called Strike 0-1: Called Strike 0-2: Ball 1-2: Ball 2-2: Foul Ball, location: 2F 2-2: Ball Wild Pitch! Robert Ortiz to third 3-2: Fly out, F7 (Line Drive, 7S, EV 93.1 MPH)
|
|
Batting: LHB Taylor Plummer
|
0-0: Foul Ball, location: 2F 0-1: Reached on error, E4 (Groundball, 4, EV 105.0 MPH) Robert Ortiz scores
|
|
Batting: RHB Jeff Parlo
|
0-0: Foul Ball, location: 2F 0-1: Ball 1-1: Called Strike 1-2: Strikes out looking
|
|
Batting: RHB Willie Carmona
|
0-0: Ball 1-0: Ground out 5-3 (Groundball, 56, EV 95.6 MPH)
|
| Top of the 7th over - 1 run, 1 hit, 1 error, 1 left on base; Aberdeen 1 - Everett 3 |
| BOTTOM OF THE 7TH |
|
Everett AquaSox batting - Pitching for Aberdeen Ironbirds : RHP Craig Painter
|
|
Batting: RHB John Vasquez
|
0-0: Called Strike 0-1: Called Strike 0-2: Ball 1-2: Ball 2-2: Ground out U3 (Groundball, 34, EV 94.4 MPH)
|
|
Batting: RHB Ivan Davila
|
0-0: Ball 1-0: Called Strike 1-1: Ball 2-1: Ball 3-1: Base on Balls
|
|
Batting: RHB Bryan Alfaro
|
0-0: Grounds into double play, 6-4-3 (Groundball, 6, EV 80.0 MPH)
|
| Bottom of the 7th over - 0 runs, 0 hits, 0 errors, 0 left on base; Aberdeen 1 - Everett 3 |
| TOP OF THE 8TH |
|
Aberdeen Ironbirds batting - Pitching for Everett AquaSox : LHP Adam Schmidt
|
|
Pitching: RHP Aaron Black
|
|
|
Batting: LHB Chris Cohen
|
0-0: Called Strike 0-1: Ball 1-1: Foul Ball, location: 2F 1-2: Ball 2-2: Ground out 5-3 (Groundball, 56, EV 107.5 MPH)
|
|
Batting: RHB Juan Eyrich
|
0-0: Called Strike 0-1: Ball 1-1: Ball 2-1: Ball 3-1: Base on Balls
|
|
Batting: RHB C.J. Wells
|
0-0: Ball 1-0: Ball 2-0: SINGLE (Line Drive, 7S, EV 96.9 MPH) Juan Eyrich to second
|
|
Batting: RHB Dou-wan Pan
|
0-0: Ball 1-0: Called Strike 1-1: Called Strike 1-2: Strikes out swinging
|
|
Pitching: LHP Chris Wheeler
|
|
|
Batting: LHB Robert Ortiz
|
0-0: SINGLE (Groundball, 4D, EV 97.5 MPH) Juan Eyrich to third C.J. Wells to second Runner from 3rd tries for Home, SAFE, throw by RF to home
|
|
Batting: LHB Ivan Alvarez
|
0-0: Ground out 4-3 (Groundball, 4, EV 100.0 MPH)
|
| Top of the 8th over - 1 run, 2 hits, 0 errors, 2 left on base; Aberdeen 2 - Everett 3 |
| BOTTOM OF THE 8TH |
|
Everett AquaSox batting - Pitching for Aberdeen Ironbirds : RHP Craig Painter
|
|
Batting: RHB Ching-hsia Zhang
|
0-0: Ball 1-0: Ball 2-0: Ball 3-0: Foul Ball, location: 2F 3-1: Called Strike 3-2: Base on Balls
|
|
Batting: RHB Rich Justice
|
0-0: Sac Bunt to 2R - play at first, batter OUT! 2-3 Ching-hsia Zhang to second
|
|
Batting: RHB Danny Pujols
|
0-0: Called Strike 0-1: Hit by Pitch
|
|
Batting: RHB Egidius Kruger
|
0-0: Ball Ching-hsia Zhang is caught stealing 3rd base 2-5 1-0: Called Strike 1-1: Ball Wild Pitch! Danny Pujols to second 2-1: Ball 3-1: Foul Ball, location: 2F 3-2: Strikes out swinging
|
| Bottom of the 8th over - 0 runs, 0 hits, 0 errors, 1 left on base; Aberdeen 2 - Everett 3 |
| TOP OF THE 9TH |
|
Aberdeen Ironbirds batting - Pitching for Everett AquaSox : LHP Chris Wheeler
|
|
Pitching: RHP Luis Pantoja
|
|
|
Batting: LHB Taylor Plummer
|
0-0: Ground out 4-3 (Groundball, 4, EV 83.8 MPH)
|
|
Batting: RHB Jeff Parlo
|
0-0: Foul Ball, location: 2F 0-1: Called Strike 0-2: Foul Ball, location: 2F 0-2: DOUBLE (Line Drive, 89M, EV 93.1 MPH)
|
|
Batting: RHB Willie Carmona
|
0-0: Called Strike 0-1: Ball 1-1: Foul Ball, location: 2F 1-2: Ball 2-2: Foul Ball, location: 2F 2-2: Strikes out swinging
|
|
Batting: LHB Chris Cohen
|
0-0: Called Strike 0-1: Ball 1-1: Ball 2-1: Ball 3-1: Base on Balls
|
|
Batting: RHB Juan Eyrich
|
0-0: Ball 1-0: Swinging Strike Passed Ball! Jeff Parlo to third Chris Cohen to second 1-1: Foul Ball, location: 2F 1-2: Ball 2-2: Ground out 6-3 (Groundball, 6D, EV 103.8 MPH)
|
| Top of the 9th over - 0 runs, 1 hit, 0 errors, 2 left on base; Aberdeen 2 - Everett 3 |
|